 Dungeon Crawl Stone Soup version 0.31-a0-728-g01b46875f1 (webtiles) character file.

Game seed: 5758771608736133931

21 Nick1 the Firebug (level 2, -1/22 HPs)
             Began as a Naga Fire Elementalist on Sept 12, 2023.
             Slain by a kobold
             ... wielding a +0 short sword
              (5 damage)
             ... on level 1 of the Dungeon.
             The game lasted 00:04:38 (181 turns).

Nick1 the Firebug (Naga Fire Elementalist)           Turns: 181, Time: 00:04:39

Health: -1/22      AC:  1    Str: 10    XL:     2   Next: 83%
Magic:  5/5        EV: 10    Int: 15    God:
Gold:   38         SH:  0    Dex: 11    Spells: 2/5 levels left

rFire   . . .        d - +0 club
rCold   . . .        (no shield)
rNeg    . . .        a - +0 robe
rPois   +            (no helmet)
rElec   .            (no cloak)
rCorr   .            (no gloves)
SInv    +            (no barding)
Will    .....        (no amulet)
Stlth   ++           (no ring)
HPRegen 0.23/turn    (no ring)
MPRegen 0.09/turn

%: no passive effects
@: very slow
A: AC +0, large, see invisible, deformed body, poison resistance, slowness 2,
spit poison 1, naga tail 1
a: Spit Poison


You were on level 1 of the Dungeon.
You visited 1 branch of the dungeon, and saw 1 of its levels.

You collected 38 gold pieces.

Inventory:

Hand Weapons
 d - a +0 club (weapon)
Missiles
 g - 2 curare-tipped darts (quivered)
Armour
 a - a +0 robe (worn)
Scrolls
 c - 2 scrolls of noise {unknown}
 e - a scroll of poison {unknown}
Potions
 b - a potion of magic
 f - a potion of attraction {unknown}


   Skills:
 * Level 0.2 Fighting
 + Level 1.7 Dodging
 * Level 3.0 Stealth
 * Level 2.1 Spellcasting
 * Level 1.1 Conjurations
 * Level 3.6 Fire Magic


You had 2 spell levels left.
You knew the following spells:

 Your Spells              Type           Power      Damage    Failure   Level
a - Foxfire               Conj/Fire      32%        2x1d5     9%          1
b - Scorch                Fire           24%        2d6       8%          2

Your spell library contained the following spells:

 Spells                   Type           Power      Damage    Failure   Level
 Inner Flame              Hex/Fire       7%         N/A       30%         3
 Volatile Blastmotes      Fire/Tloc      14%        2d11      30%         3
 Flame Wave               Conj/Fire      8%         2d5       63%         4


Dungeon Overview and Level Annotations

Branches:
Dungeon (1/15)

Altars:


Innate Abilities, Weirdness & Mutations

Your serpentine skin is tough. (AC +0)
You have supernaturally acute eyesight. (SInv)
Armour fits poorly on your strangely shaped body.
Your system is resistant to poisons. (rPois)
You cover ground very slowly.
You can spit poison.
You have a snake-like lower body.


Message History

Found 2 curare-tipped darts.
f - a fuming puce potion You see here 2 curare-tipped darts.
g - 2 curare-tipped darts
Found an escape hatch in the floor.
A hobgoblin comes into view.
The hobgoblin shouts!
Aiming: Spit Poison (2% risk of failure)
Press: ? - help, Shift-Dir - straight line, f - hobgoblin
Aim: a hobgoblin (59% to hit)
The splash of poison misses the hobgoblin.
Casting: Foxfire (safe; 9% risk of failure)
Confirm with . or Enter, or press ? or * to list all spells.
You miscast Foxfire.
You are very lightly contaminated with residual magic.
Nothing appears to happen.
You hit the hobgoblin. You punch the hobgoblin.
You kill the hobgoblin!
A hobgoblin comes into view. It is wielding a +0 sling.
The hobgoblin shouts!
You hear a shout!
A giant cockroach comes into view.
The hobgoblin shoots a sling bullet.
The sling bullet hits you!
You see here a hobgoblin corpse.
You have got your breath back.
The hobgoblin shoots a sling bullet.
The sling bullet hits you!
The hobgoblin shoots a sling bullet.
The sling bullet hits you.
* * * LOW HITPOINT WARNING * * *
You hear a shout!
You see here a hobgoblin corpse.
Your magical contamination has completely faded away.
There is an escape hatch in the floor here.
The hobgoblin shoots a sling bullet.
The sling bullet hits you.
* * * LOW HITPOINT WARNING * * *
Found 18 gold pieces.
A kobold comes into view. It is wielding a +0 short sword.
You see here 18 gold pieces.
You hit the kobold.
The kobold is heavily wounded.
The kobold hits you with a +0 short sword.
You die...

####################
...................######
############..g.........#
#†#####.#..#.#
#.#.###g#..# #.#..@K....#
#g#.###.#..# #.# #.#..#
###### #.# #.# .# .....#
#.# #.# ## ...).+ ... ...
.....# #B# ...
.....###### ##
...........


You could see a hobgoblin and a kobold.

Vanquished Creatures
  3 ball pythons (D:1)
  A bat (D:1)
  4 endoplasms (D:1)
  3 goblins (D:1)
  A hobgoblin (D:1)
  3 kobolds (D:1)
15 creatures vanquished.

Vanquished Creatures (others)
  17 foxfires (D:1)
17 creatures vanquished.

Grand Total: 32 creatures vanquished

Notes
Turn   | Place    | Note
-------+----------+-------------------------------------------
     0 | D:1      | Nick1 the Naga Fire Elementalist began the quest for the
                  | Orb.
     0 | D:1      | Reached XP level 1. HP: 15/15 MP: 3/3
     1 | D:1      | Noticed an electric eel
    48 | D:1      | Reached XP level 2. HP: 17/22 MP: 1/5
    51 | D:1      | Learned a level 2 spell: Scorch
   181 | D:1      | Slain by a kobold

Illustrated notes

Levels and vault maps discovered:
D:1:      arrival_aquarium_a, layout_basic, minmay_pentomino_p4

Action                     || total
---------------------------++-------
  Melee: Unarmed           ||    10
         Club              ||     5
         Punch             ||     1
   Cast: Foxfire           ||    10
Ability: Spit Poison       ||     5
 Armour: Robe              ||    19
  Dodge: Dodged            ||    11

Table legend: (Time is in decaauts)
 A = Elapsed time spent in this place.
 B = Non-inter-level travel time spent in this place.
 C = Inter-level travel time spent in this place.
 D = Time resting spent in this place.
 E = Time spent auto-exploring this place.
 F = Levels seen in this place.
 G = Mean time per level.
                   A        B        C        D        E       F      G
               +--------+--------+--------+--------+--------+-----+--------+
         Total |    235 |    235 |      0 |      0 |     46 |   1 |  235.0 |
       Dungeon |    235 |    235 |      0 |      0 |     46 |   1 |  235.0 |
               +--------+--------+--------+--------+--------+-----+--------+

Top non-repeatable levels by time:
     D:1: 235 daAuts
